SAAA
KEY WEST CORAL REEFERS @ ROYSE CITY TARGARYENS
08/16/2033
 
TOP OF THE 1ST
Key West Coral Reefers batting - Pitching for Royse City Targaryens : RHP Eugenio Piñeiro
Pitching: RHP Eugenio Piñeiro
Batting: LHB Jordan Westacott 0-0: Ball
1-0: Ball
2-0: Ball
3-0: Foul Ball, location: 2F
3-1: Fly out, F7 (Flyball, 78S)
Batting: RHB Juan Martínez 0-0: Called Strike
0-1: Foul Ball, location: 2F
0-2: Ball
1-2: Ground out 3-1 (Groundball, 34)
Batting: SHB Dave Atkins 0-0: Ball
1-0: Fly out, F8 (Flyball, 8RD)
Top of the 1st over - 0 runs, 0 hits, 0 errors, 0 left on base; Key West 0 - Royse City 0
BOTTOM OF THE 1ST
Royse City Targaryens batting - Pitching for Key West Coral Reefers : RHP Manuel Sánchez
Pitching: RHP Manuel Sánchez
Batting: SHB Miguel Herrera 0-0: Swinging Strike
0-1: Ball
1-1: Swinging Strike
1-2: Strikes out swinging
Batting: LHB Yun Yen 0-0: Ball
1-0: Ball
2-0: Ball
3-0: Base on Balls
Batting: RHB Melvin Thomas 0-0: Called Strike
0-1: Called Strike
0-2: Ball
1-2: Grounds into double play, 6-4-3 (Groundball, 56)
Bottom of the 1st over - 0 runs, 0 hits, 0 errors, 0 left on base; Key West 0 - Royse City 0
TOP OF THE 2ND
Key West Coral Reefers batting - Pitching for Royse City Targaryens : RHP Eugenio Piñeiro
Batting: SHB Tony Walsh 0-0: Fly out, F8 (Flyball, 8RM)
Batting: RHB Arturo Scantlebury 0-0: Called Strike
0-1: Ball
1-1: Ball
2-1: Foul Ball, location: 2F
2-2: Ball
3-2: Foul Ball, location: 2F
3-2: Foul Ball, location: 2F
3-2: Foul Ball, location: 2F
3-2: Foul Ball, location: 2F
3-2: Strikes out swinging
Batting: RHB Miguel Montoya 0-0: Fly out, F8 (Flyball, 8LXD)
Top of the 2nd over - 0 runs, 0 hits, 0 errors, 0 left on base; Key West 0 - Royse City 0
BOTTOM OF THE 2ND
Royse City Targaryens batting - Pitching for Key West Coral Reefers : RHP Manuel Sánchez
Batting: RHB Breanainn Swartwood 0-0: Called Strike
0-1: Ball
1-1: Foul Ball, location: 2F
1-2: Foul Ball, location: 2F
1-2: Strikes out swinging
Batting: RHB Cristo Cuervo 0-0: Called Strike
0-1: Ball
1-1: Swinging Strike
1-2: Strikes out swinging
Batting: RHB Craig Greene 0-0: Ball
1-0: Foul Ball, location: 2F
1-1: Foul Ball, location: 2F
1-2: Ball
2-2: SINGLE (Line Drive, 6M)
Batting: LHB Denis Jerningham 0-0: SINGLE (Groundball, 4MD)
Craig Greene to second
Batting: LHB Jonathan Gunner 0-0: Ball
1-0: Ground out U3 (Groundball, 34S)
Bottom of the 2nd over - 0 runs, 2 hits, 0 errors, 2 left on base; Key West 0 - Royse City 0
TOP OF THE 3RD
Key West Coral Reefers batting - Pitching for Royse City Targaryens : RHP Eugenio Piñeiro
Batting: SHB Juan Carlos Santos 0-0: Called Strike
0-1: Ball
1-1: Fly out, F7 (Flyball, 7D)
Batting: RHB Ed Lastinger 0-0: Ball
1-0: Foul Ball, location: 2F
1-1: Called Strike
1-2: Foul Ball, location: 2F
1-2: Ground out 6-3 (Groundball, 6)
Batting: RHB Craig Tricket 0-0: Called Strike
0-1: Called Strike
0-2: Fly out, F3 (Popup, 34)
Top of the 3rd over - 0 runs, 0 hits, 0 errors, 0 left on base; Key West 0 - Royse City 0
BOTTOM OF THE 3RD
Royse City Targaryens batting - Pitching for Key West Coral Reefers : RHP Manuel Sánchez
Batting: LHB Joe Karnowski 0-0: Foul Ball, location: 2F
0-1: Ball
1-1: Ball
2-1: Fly out, F9 (Flyball, 9S)
Batting: SHB Miguel Herrera 0-0: Ball
1-0: Called Strike
1-1: Ground out 6-3 (Groundball, 6)
Batting: LHB Yun Yen 0-0: Called Strike
0-1: Foul Ball, location: 2F
0-2: Ball
1-2: SINGLE (Line Drive, 89M)
Batting: RHB Melvin Thomas 0-0: Foul Ball, location: 2F
0-1: Called Strike
0-2: Ball
1-2: Ball
2-2: Ball
3-2: SINGLE (Line Drive, 6MD)
Yun Yen to second
Yun Yen to third
Batting: RHB Breanainn Swartwood 0-0: Ball
1-0: Ball
2-0: Called Strike
2-1: Called Strike
2-2: Ball
3-2: Ground out 3-1 (Groundball, 34S)
Bottom of the 3rd over - 0 runs, 2 hits, 0 errors, 2 left on base; Key West 0 - Royse City 0
TOP OF THE 4TH
Key West Coral Reefers batting - Pitching for Royse City Targaryens : RHP Eugenio Piñeiro
Batting: LHB Jordan Westacott 0-0: Fly out, F8 (Flyball, 8RS)
Now in LF: Víctor Cuevas
Batting: RHB Juan Martínez 0-0: Foul Ball, location: 2F
0-1: Ball
1-1: Called Strike
1-2: Ball
2-2: Foul Ball, location: 2F
2-2: Ball
3-2: Foul Ball, location: 2F
3-2: Base on Balls
Batting: SHB Dave Atkins 0-0: Ball
1-0: Swinging Strike
1-1: Swinging Strike
1-2: Foul Ball, location: 2F
1-2: Foul Ball, location: 2F
1-2: Foul Ball, location: 2F
1-2: Ball
2-2: Fly out, F8 (Flyball, 8RD)
Batting: SHB Tony Walsh 0-0: Fielders Choice at 2nd, 5-4 (Groundball, 5)
Top of the 4th over - 0 runs, 0 hits, 0 errors, 1 left on base; Key West 0 - Royse City 0
BOTTOM OF THE 4TH
Royse City Targaryens batting - Pitching for Key West Coral Reefers : RHP Manuel Sánchez
Batting: RHB Cristo Cuervo 0-0: Ball
1-0: Ball
2-0: Ball
3-0: Called Strike
3-1: SINGLE (Groundball, 56) (infield hit)
Batting: RHB Craig Greene 0-0: Called Strike
0-1: Called Strike
0-2: Foul Ball, location: 2F
0-2: Ball
1-2: SINGLE (Groundball, 56D)
Cristo Cuervo to second
Batting: LHB Denis Jerningham 0-0: Ball
1-0: Swinging Strike
1-1: Called Strike
1-2: Ball
2-2: Strikes out swinging
Batting: RHB Víctor Cuevas 0-0: Called Strike
0-1: Ball
1-1: Swinging Strike
1-2: Ball
2-2: Foul Ball, location: 2F
2-2: Strikes out swinging
Batting: LHB Joe Karnowski 0-0: Called Strike
0-1: Foul Ball, location: 2F
0-2: Strikes out swinging
Bottom of the 4th over - 0 runs, 2 hits, 0 errors, 2 left on base; Key West 0 - Royse City 0
TOP OF THE 5TH
Key West Coral Reefers batting - Pitching for Royse City Targaryens : RHP Eugenio Piñeiro
Batting: RHB Arturo Scantlebury 0-0: Ball
1-0: Foul Ball, location: 2F
1-1: Foul Ball, location: 2F
1-2: Ball
2-2: Ball
3-2: Foul Ball, location: 2F
3-2: Base on Balls
Batting: RHB Miguel Montoya 0-0: Ball
1-0: Fly out, F6 (Popup, 56)
Batting: SHB Juan Carlos Santos 0-0: Ball
1-0: Swinging Strike
1-1: Called Strike
1-2: SINGLE (Flyball, 7S)
Arturo Scantlebury to second
Batting: RHB Ed Lastinger 0-0: Called Strike
0-1: Ball
1-1: Ball
2-1: Called Strike
2-2: Foul Ball, location: 2F
2-2: Fly out, F9 (Line Drive, 9)
Batting: RHB Craig Tricket 0-0: Called Strike
0-1: Ball
1-1: SINGLE (Line Drive, 89S)
Arturo Scantlebury to third
Juan Carlos Santos to second
Batting: LHB Jordan Westacott 0-0: Ball
1-0: Ball
2-0: Ball
3-0: Base on Balls
Arturo Scantlebury scores
Juan Carlos Santos to third
Craig Tricket to second
Batting: RHB Juan Martínez 0-0: Called Strike
0-1: Swinging Strike
0-2: Foul Ball, location: 2F
0-2: Strikes out swinging
Top of the 5th over - 1 run, 2 hits, 0 errors, 3 left on base; Key West 1 - Royse City 0
BOTTOM OF THE 5TH
Royse City Targaryens batting - Pitching for Key West Coral Reefers : RHP Manuel Sánchez
Batting: SHB Miguel Herrera 0-0: Swinging Strike
0-1: Ground out U3 (Groundball, 34)
Batting: LHB Yun Yen 0-0: Ball
1-0: Swinging Strike
1-1: Fly out, F9 (Flyball, 89M)
Batting: RHB Melvin Thomas 0-0: Ball
1-0: Called Strike
1-1: Fly out, F6 (Popup, 6M)
Bottom of the 5th over - 0 runs, 0 hits, 0 errors, 0 left on base; Key West 1 - Royse City 0
TOP OF THE 6TH
Key West Coral Reefers batting - Pitching for Royse City Targaryens : RHP Eugenio Piñeiro
Batting: SHB Dave Atkins 0-0: Called Strike
0-1: Ball
1-1: Called Strike
1-2: Ball
2-2: Foul Ball, location: 2F
2-2: Ball
3-2: Foul Ball, location: 2F
3-2: Base on Balls
Batting: SHB Tony Walsh 0-0: SINGLE (Groundball, 15) (infield hit)
Dave Atkins to second
Batting: RHB Arturo Scantlebury 0-0: Ball
1-0: Ball
2-0: Ball
3-0: Called Strike
3-1: Called Strike
3-2: SINGLE (Groundball, 56D)
Dave Atkins to third
Tony Walsh to second
Batting: RHB Miguel Montoya 0-0: Ball
1-0: Swinging Strike
1-1: Ball
2-1: Ball
3-1: Foul Ball, location: 2F
3-2: Base on Balls
Dave Atkins scores
Tony Walsh to third
Arturo Scantlebury to second
Batting: SHB Juan Carlos Santos 0-0: Ball
1-0: SINGLE (Groundball, 4MD)
Tony Walsh scores
Arturo Scantlebury to third
Miguel Montoya to second
Pitching: RHP Adam Garrison
Batting: RHB Ed Lastinger 0-0: Ball
1-0: Called Strike
1-1: Grounds into fielders choice 5-2 (Groundball, 56)
Miguel Montoya to third
Juan Carlos Santos to second
Batting: RHB Craig Tricket 0-0: Ball
1-0: Foul Ball, location: 2F
1-1: Ball
2-1: Fly out, F7 (Flyball, 7S)
Batting: LHB Jordan Westacott 0-0: Foul Ball, location: 2F
0-1: Fly out, F5 (Popup, 5)
Top of the 6th over - 2 runs, 3 hits, 0 errors, 3 left on base; Key West 3 - Royse City 0
BOTTOM OF THE 6TH
Royse City Targaryens batting - Pitching for Key West Coral Reefers : RHP Manuel Sánchez
Batting: RHB Breanainn Swartwood 0-0: Ground out 4-3 (Groundball, 4S)
Batting: RHB Cristo Cuervo 0-0: Ball
1-0: Ball
2-0: Called Strike
2-1: Swinging Strike
2-2: Ball
3-2: Base on Balls
Batting: RHB Craig Greene 0-0: Ball
Cristo Cuervo is caught stealing 2nd base
1-0: Ball
2-0: SINGLE (Line Drive, 8LS)
Batting: LHB Denis Jerningham 0-0: Swinging Strike
0-1: Called Strike
0-2: Ball
1-2: Foul Ball, location: 2F
1-2: Ball
2-2: Foul Ball, location: 2F
2-2: Strikes out swinging
Bottom of the 6th over - 0 runs, 1 hit, 0 errors, 1 left on base; Key West 3 - Royse City 0
TOP OF THE 7TH
Key West Coral Reefers batting - Pitching for Royse City Targaryens : RHP Adam Garrison
Batting: RHB Juan Martínez 0-0: Ball
1-0: Swinging Strike
1-1: Ground out 4-3 (Groundball, 4)
Batting: SHB Dave Atkins 0-0: Ball
1-0: Ground out 4-3 (Groundball, 4)
Batting: SHB Tony Walsh 0-0: Called Strike
0-1: Foul Ball, location: 2F
0-2: SINGLE (Groundball, 5S) (infield hit)
Batting: RHB Arturo Scantlebury 0-0: Called Strike
0-1: Ball
1-1: Ball
2-1: Fly out, F8 (Flyball, 8LXD)
Top of the 7th over - 0 runs, 1 hit, 0 errors, 1 left on base; Key West 3 - Royse City 0
BOTTOM OF THE 7TH
Royse City Targaryens batting - Pitching for Key West Coral Reefers : RHP Manuel Sánchez
Pitching: LHP Awad Mahmudnizhad
Batting: RHB Víctor Cuevas 0-0: Fly out, F9 (Flyball, 9S)
Batting: LHB Joe Karnowski 0-0: Ball
1-0: Ball
2-0: Fly out, F9 (Line Drive, 89D)
Now in RF: Juan Torres
Batting: SHB Miguel Herrera 0-0: Called Strike
0-1: Foul Ball, location: 2F
0-2: Foul Ball, location: 2F
0-2: Ball
1-2: Foul Ball, location: 2F
1-2: SINGLE (Groundball, 34) (infield hit)
Batting: LHB Yun Yen Balk!
Miguel Herrera to second
0-0: Ball
1-0: Ball
2-0: Foul Ball, location: 2F
2-1: Called Strike
2-2: Foul Ball, location: 2F
2-2: Ball
3-2: Foul Ball, location: 2F
3-2: Foul Ball, location: 2F
3-2: Base on Balls
Batting: RHB Melvin Thomas 0-0: Called Strike
0-1: Fielders Choice at 2nd, 5-4 (Groundball, 5)
Bottom of the 7th over - 0 runs, 1 hit, 0 errors, 2 left on base; Key West 3 - Royse City 0
TOP OF THE 8TH
Key West Coral Reefers batting - Pitching for Royse City Targaryens : RHP Adam Garrison
Batting: SHB Juan Torres 0-0: Ball
1-0: Swinging Strike
1-1: Ground out 6-3 (Groundball, 6M)
Batting: SHB Juan Carlos Santos 0-0: Ball
1-0: DOUBLE (Flyball, 8RXD)
Batting: RHB Ed Lastinger 0-0: Ground out 5-3 (Groundball, 56)
Batting: RHB Craig Tricket 0-0: Called Strike
0-1: Ball
1-1: Swinging Strike
1-2: Ball
2-2: Foul Ball, location: 2F
2-2: Foul Ball, location: 2F
2-2: Strikes out swinging
Top of the 8th over - 0 runs, 1 hit, 0 errors, 1 left on base; Key West 3 - Royse City 0
BOTTOM OF THE 8TH
Royse City Targaryens batting - Pitching for Key West Coral Reefers : LHP Awad Mahmudnizhad
Batting: RHB Breanainn Swartwood 0-0: Called Strike
0-1: Ball
1-1: Fly out, F9 (Flyball, 89S)
Batting: RHB Cristo Cuervo 0-0: Ball
1-0: Ball
2-0: Called Strike
2-1: Foul Ball, location: 2F
2-2: Strikes out swinging, 2-3 out at first.
Batting: RHB Craig Greene 0-0: Ball
1-0: Ball
2-0: Ball
3-0: Called Strike
3-1: Fly out, F6 (Popup, 6MD)
Bottom of the 8th over - 0 runs, 0 hits, 0 errors, 0 left on base; Key West 3 - Royse City 0
TOP OF THE 9TH
Key West Coral Reefers batting - Pitching for Royse City Targaryens : RHP Adam Garrison
Batting: LHB Jordan Westacott 0-0: Ball
1-0: Ball
2-0: SINGLE (Groundball, 6MD)
Batting: RHB Juan Martínez 0-0: Ball
1-0: Ball
2-0: Bunt - Flyout! F3
Batting: SHB Dave Atkins 0-0: Ball
1-0: Ball
2-0: Called Strike
2-1: Ground out U3 (Groundball, 3)
Jordan Westacott to second
Batting: SHB Tony Walsh 0-0: Ball
1-0: Called Strike
1-1: Called Strike
1-2: Foul Ball, location: 2F
1-2: Strikes out swinging
Top of the 9th over - 0 runs, 1 hit, 0 errors, 1 left on base; Key West 3 - Royse City 0
BOTTOM OF THE 9TH
Royse City Targaryens batting - Pitching for Key West Coral Reefers : LHP Awad Mahmudnizhad
Pitching: RHP Ricky O'Toole
Batting: LHB Denis Jerningham 0-0: Called Strike
0-1: Swinging Strike
0-2: Ball
1-2: SINGLE (Line Drive, 78S)
Batting: RHB Víctor Cuevas 0-0: Foul Ball, location: 2F
0-1: Foul Ball, location: 2F
0-2: Ball
1-2: Foul Ball, location: 2F
1-2: Foul Ball, location: 2F
1-2: Foul Ball, location: 2F
1-2: Ball
2-2: Foul Ball, location: 2F
2-2: Grounds into double play, 1-6-3 (Groundball, 13)
Batting: LHB Joe Karnowski 0-0: Ball
1-0: Ball
2-0: Called Strike
2-1: Fly out, F5 (Popup, 5)
Bottom of the 9th over - 0 runs, 1 hit, 0 errors, 0 left on base; Key West 3 - Royse City 0
Saturday, December 22nd, 2018 - OOTP Baseball 18.8 Build 76